 Dungeon Sprint DCSS version 0.27.0-66-gdc8fb28755 (webtiles) character file.

Game seed: 11437704465242570163

19448 ABBCCCDDDD the Warrior (level 12, -4/195 HPs)
             Began as a Minotaur Fighter on Aug 19, 2021.
             Was the Champion of Trog.
             Succumbed to poison (dark miasma)
             ... in the Dungeon (Sprint III: "The Ten Rune Challenge").
             The game lasted 00:07:26 (3671 turns).

ABBCCCDDDD the Warrior (Minotaur Fighter)           Turns: 3671, Time: 00:07:26

Health: -4/195     AC: 18    Str: 26    XL:     12   Next: 36%
Magic:  11/11      EV: 10    Int:  5    God:    Trog [******]
Gold:   2794       SH: 16    Dex: 10    Spells: 11/11 levels left

rFire    . . .     SeeInvis .   a - +5 broad axe (flame)
rCold    . . .     Faith    .   u - +2 kite shield {reflect}
rNeg     . . .     Spirit   .   s - +0 plate armour
rPois    .         Reflect  +   f - +0 hat
rElec    .         Harm     .   (no cloak)
rCorr    .         Rampage  .   (no gloves)
Will     .....     NoTele   +   (no boots)
Stlth    ..........             (no amulet)
HPRegen  0.42/turn              (no ring)
MPRegen  0.12/turn              (no ring)

@: berserking (expiring), lethally poisoned (-4 -> -65), slowed
A: horns 2, retaliatory headbutt
a: Renounce Religion, Berserk, Trog's Hand, Brothers in Arms


You were in the Dungeon.
You worshipped Trog.
Trog was exalted by your worship.
You visited 1 branch You collected 2794 gold pieces.

Inventory:

Hand Weapons
 a - a +5 broad axe of flaming (weapon)
 b - a +2 antimagic broad axe
 c - the +4 hand axe of Callousness {vorpal, rElec rPois rN++ Dex+4}
   (Trog gifted it to you in the Dungeon)

   It inflicts extra damage upon your enemies.
   Dex:       It affects your dexterity (+4).
   rElec:     It insulates you from electricity.
   rPois:     It protects you from poison.
   rN:        It greatly protects you from negative energy.
Armour
 f - a +0 hat (worn)
 s - a +0 plate armour (worn)
 u - a +2 kite shield of reflection (worn)
Wands
 i - a wand of iceblast (12)
 k - a wand of flame (21)
Scrolls
 j - a scroll of blinking
 m - a scroll of torment {unknown}
 n - 3 scrolls of identify
 q - a scroll of holy word {unknown}
Potions
 d - 2 potions of might
 e - 2 potions of curing
 g - a potion of haste
 h - 2 potions of magic
 l - 2 potions of mutation {unknown}
 o - a potion of brilliance {unknown}
 p - 3 potions of flight
 r - 2 potions of heal wounds


   Skills:
 + Level 19.2 Fighting
 - Level 18.0 Axes
 + Level 19.2 Armour
 * Level 5.8 Dodging
 - Level 15.0 Shields
 * Level 4.8 Evocations


You had 11 spell levels left.
You didn't know any spells.
Your spell library was empty.

Dungeon Overview and Level Annotations

Branches:
Dungeon (1/1)

Altars:
Cheibriados
Dithmenos
Elyvilon
Fedhas
Gozag
Hepliaklqana
Kikubaaqudgha
Makhleb
Nemelex Xobeh
Okawaru
Qazlal
Ru
Sif Muna
Trog
Uskayaw
Vehumet
Wu Jian
Xom
Yredelemnul
Zin
The Shining One
Beogh
Jiyva
Lugonu

Shops:
D (


Innate Abilities, Weirdness & Mutations

You have a pair of horns on your head.
You reflexively headbutt those who attack you in melee.


Message History

There is an open door here.
You are engulfed in dark miasma.
You are more poisoned.
You feel extremely sick.
You are engulfed in dark miasma.
You are more poisoned.
You feel extremely sick.
You open the door.
A floating eye comes into view.
You are engulfed in dark miasma.
You are more poisoned.
You feel extremely sick.
The floating eye turns its gaze towards you.
The floating eye's view fixates on you.
Found 10 scrolls of identify.
You slash the floating eye! You burn the floating eye.
The floating eye is heavily wounded.
You are engulfed in dark miasma.
You are lethally poisoned!
You feel extremely sick.
A red film seems to cover your vision as you go berserk!
You feel yourself moving faster!
You feel mighty!
You are engulfed in dark miasma.
You are lethally poisoned!
You feel yourself slow down.
* * * LOW HITPOINT WARNING * * *
You feel extremely sick.
You slash the floating eye! You burn the floating eye.
You kill the floating eye!
Trog accepts your kill.
You are engulfed in dark miasma.
You are more poisoned.
You feel as though you will be slow longer.
* * * LOW HITPOINT WARNING * * *
x2 You feel extremely sick.
* * * LOW HITPOINT WARNING * * *
You feel extremely sick.
The yaktaur shouts!
You hear a shout!
There is an open door here.
You feel a strong urge to attack something.
You die...

≈≈≈≈≈♣♣P.'.#.#.#.#.......#
♣♣♣♣♣♣♣PP##.#.#.##########
♣♣♣##'######## #[).).≈≈≈≈#
#...#.≈≈≈≈# #...#)#≈≈≈##
#####.# ≈≈≈###
#.....###≈§§≈§
#.....#@#c§§≈
#.....#'###§§ #....P#°○°#
≈ #§#####°..# #§☼☼☼.'..○+
#§######### #.# #.# #.#


You could see a yaktaur.

Levels and vault maps discovered:
D:        dungeon_sprint_mu [sprint_mu_entry_cave, sprint_mu_temple_rooms,
          sprint_mu_d1_horrors, sprint_mu_d2_genie, sprint_mu_d3_branching,
          sprint_mu_orc_legion, sprint_mu_elf_gauntlet, sprint_mu_hive_nellie,
          sprint_mu_lair_fedhas, sprint_mu_vaults_butterflies,
          sprint_mu_slime_circle, sprint_mu_shoals_kraken,
          sprint_mu_snake_twists, sprint_mu_blade_basic, sprint_mu_crypt_lich,
          sprint_mu_tomb_spiral, sprint_mu_vestibule_basic,
          sprint_mu_gehenna_hellfire, sprint_mu_dis_giant,
          sprint_mu_tartarus_statrot, sprint_mu_cocytus_islands, sprint_mu_zot1]

Notes
Turn   | Place    | Note
-------+----------+-------------------------------------------
     0 | D        | ABBCCCDDDD the Minotaur Fighter began the quest for the
                  | Orb.
     0 | D        | Reached XP level 1. HP: 19/19 MP: 0/0
    35 | D        | Noticed Jessica
    40 | D        | Killed Jessica
    41 | D        | Reached skill level 5 in Fighting
    41 | D        | Reached skill level 5 in Armour
    41 | D        | Reached skill level 5 in Shields
    41 | D        | Reached XP level 2. HP: 28/29 MP: 1/1
   148 | D        | Reached XP level 3. HP: 34/36 MP: 2/2
   187 | D        | Reached skill level 5 in Axes
   309 | D        | Noticed a water elemental
   313 | D        | Killed a water elemental
   314 | D        | Reached XP level 4. HP: 21/45 MP: 3/3
   572 | D        | Found a hide-covered altar of Uskayaw.
   572 | D        | Found an iron altar of Okawaru.
   572 | D        | Found a bloodstained altar of Trog.
   572 | D        | Found an ornate altar of the Wu Jian Council.
   572 | D        | Noticed a human
   573 | D        | Noticed a human
   577 | D        | Killed a human
   578 | D        | Reached XP level 5. HP: 53/53 MP: 4/4
   581 | D        | Killed a human
   582 | D        | Reached XP level 6. HP: 63/63 MP: 5/5
   650 | D        | Became a worshipper of Trog the Wrathful
   658 | D        | Found a radiant altar of Vehumet.
   667 | D        | Found a shimmering blue altar of Sif Muna.
   667 | D        | Found an ancient bone altar of Kikubaaqudgha.
   683 | D        | Reached * piety under Trog
   853 | D        | Found a basalt altar of Yredelemnul.
   853 | D        | Found a shadowy altar of Dithmenos.
   853 | D        | Found a sacrificial altar of Ru.
   856 | D        | Reached XP level 7. HP: 71/71 MP: 6/6
   858 | D        | Reached ** piety under Trog
   964 | D        | Noticed a shadow
   967 | D        | Killed a shadow
   968 | D        | Reached skill level 10 in Fighting
   968 | D        | Reached skill level 10 in Axes
   968 | D        | Reached skill level 10 in Armour
   968 | D        | Reached skill level 10 in Shields
  1003 | D        | Found a blossoming altar of Fedhas.
  1003 | D        | Found a stormy altar of Qazlal.
  1004 | D        | Found a snail-covered altar of Cheibriados.
  1004 | D        | Found a burning altar of Makhleb.
  1004 | D        | Found a hazy altar of Hepliaklqana.
  1004 | D        | Found a shimmering altar of Xom.
  1004 | D        | Found an opulent altar of Gozag.
  1004 | D        | Found a sparkling altar of Nemelex Xobeh.
  1004 | D        | Found a corrupted altar of Lugonu.
  1004 | D        | Found a viscous altar of Jiyva.
  1004 | D        | Noticed a spatial vortex
  1014 | D        | Killed a spatial vortex
  1083 | D        | Noticed Josephine
  1088 | D        | Killed Josephine
  1088 | D        | Reached *** piety under Trog
  1089 | D        | Reached XP level 8. HP: 83/83 MP: 7/7
  1183 | D        | Noticed a centaur warrior
  1190 | D        | Reached **** piety under Trog
  1194 | D        | Killed a centaur warrior
  1195 | D        | Reached XP level 9. HP: 92/92 MP: 8/8
  1334 | D        | HP: 3/92 [something (3)]
  1346 | D        | Killed an unseen horror
  1450 | D        | Killed an unseen horror
  1771 | D        | Noticed a wandering mushroom
  1775 | D        | Noticed a wandering mushroom
  1777 | D        | Noticed a wandering mushroom
  1983 | D        | Killed a wandering mushroom
  1988 | D        | Killed a wandering mushroom
  2032 | D        | Noticed a cane toad
  2032 | D        | Noticed a komodo dragon
  2032 | D        | Noticed a cane toad
  2042 | D        | Killed a komodo dragon
  2047 | D        | Killed a cane toad
  2047 | D        | Reached ***** piety under Trog
  2048 | D        | Reached XP level 10. HP: 103/103 MP: 9/9
  2051 | D        | Killed a cane toad
  2179 | D        | Received a gift from Trog
  2349 | D        | Noticed Rupert
  2355 | D        | Killed Rupert
  2356 | D        | Reached skill level 15 in Fighting
  2356 | D        | Reached skill level 15 in Axes
  2356 | D        | Reached skill level 15 in Armour
  2356 | D        | Reached skill level 15 in Shields
  2401 | D        | Noticed an elephant
  2401 | D        | Noticed an elephant
  2401 | D        | Noticed a dire elephant
  2410 | D        | Killed an elephant
  2414 | D        | Killed a dire elephant
  2415 | D        | Reached XP level 11. HP: 114/114 MP: 10/10
  2424 | D        | Noticed a dire elephant
  2442 | D        | Noticed Gastronok
  2452 | D        | Killed Gastronok
  2468 | D        | Noticed an azure jelly
  2468 | D        | Noticed an azure jelly
  2468 | D        | Noticed an azure jelly
  2468 | D        | Noticed an azure jelly
  2609 | D        | Killed a dire elephant
  2609 | D        | Received a gift from Trog
  2795 | D        | Found a glowing silver altar of Zin.
  2795 | D        | Found a glowing golden altar of the Shining One.
  2795 | D        | Found a white marble altar of Elyvilon.
  2797 | D        | Noticed a deep elf pyromancer
  2800 | D        | Killed a deep elf pyromancer
  2957 | D        | Found Takelodu's Weapon Boutique.
  2957 | D        | Noticed an orc high priest
  2968 | D        | Received a gift from Trog
  2978 | D        | Killed an orc high priest
  2985 | D        | Reached ****** piety under Trog
  2991 | D        | Received a gift from Trog
  3201 | D        | Noticed a deep elf pyromancer
  3201 | D        | Noticed a deep elf knight
  3201 | D        | Noticed a deep elf zephyrmancer
  3201 | D        | Noticed a deep elf zephyrmancer
  3201 | D        | Noticed a deep elf zephyrmancer
  3209 | D        | Killed a deep elf zephyrmancer
  3210 | D        | Noticed a deep elf annihilator
  3214 | D        | Killed a deep elf knight
  3216 | D        | Noticed a deep elf annihilator
  3218 | D        | Killed a deep elf zephyrmancer
  3218 | D        | Received a gift from Trog
  3219 | D        | Killed a deep elf pyromancer
  3221 | D        | Killed a deep elf zephyrmancer
  3352 | D        | Received a gift from Trog
  3371 | D        | Received a gift from Trog
  3375 | D        | Reached XP level 12. HP: 128/128 MP: 11/11
  3392 | D        | Received a gift from Trog
  3400 | D        | Received a gift from Trog
  3492 | D        | Noticed Donald
  3492 | D        | Noticed Frances
  3502 | D        | Killed Donald
  3502 | D        | Identified the +4 hand axe of Callousness {vorpal, rElec
                  | rPois rN++ Dex+4} (Trog gifted it to you in the Dungeon)
  3502 | D        | Received a gift from Trog
  3507 | D        | Killed Frances
  3508 | D        | Reached skill level 5 in Dodging
  3670 | D        | HP: 9/195 [poison (dark miasma)]
  3671 | D        | Succumbed to poison (dark miasma)

Table legend: (Time is in decaauts)
 A = Elapsed time spent in this place.
 B = Non-inter-level travel time spent in this place.
 C = Inter-level travel time spent in this place.
 D = Time resting spent in this place.
 E = Time spent auto-exploring this place.
 F = Levels seen in this place.
 G = Mean time per level.
                   A        B        C        D        E       F      G
               +--------+--------+--------+--------+--------+-----+--------+
         Total |   3833 |   3681 |    152 |   2822 |     57 |   1 | 3833.0 |
       Dungeon |   3833 |   3681 |    152 |   2822 |     57 |   1 | 3833.0 |
               +--------+--------+--------+--------+--------+-----+--------+

Top non-repeatable levels by time:
       D: 3833 daAuts

Table legend:
 A = Kills in this place as a percentage of kills in entire the game.
 B = Kills by you in this place as a percentage of kills by you in the entire game.
 C = Kills by friends in this place as a percentage of kills by friends in the entire game.
 D = Other kills in this place as a percentage of other kills in the entire game.
 E = Experience gained in this place as a percentage of experience gained in the entire game.
 F = Experience gained in this place divided by the number of levels of this place that you have seen.
                   A       B       C       D       E      F
               +-------+-------+-------+-------+-------+----------------------
         Total | 100.0 | 100.0 |   N/A |   N/A | 100.0 | 27783.0
       Dungeon | 100.0 | 100.0 |   N/A |   N/A | 100.0 | 27783.0
               +-------+-------+-------+-------+-------+----------------------

Action                   |  1- 3 |  4- 6 |  7- 9 | 10-12 || total
-------------------------+-------+-------+-------+-------++-------
Melee: War axe           |    28 |    23 |    90 |    33 ||   174
       Headbutt          |     4 |     6 |    17 |    27 ||    54
       Broad axe         |       |       |       |   153 ||   153
Invok: Berserk           |       |     1 |     9 |    10 ||    20
       Trog's Hand       |       |       |     2 |     1 ||     3
       Brothers in Arms  |       |       |       |     1 ||     1
  Use: Potion            |       |     1 |     3 |       ||     4
Armor: Scale mail        |     9 |     4 |    64 |     6 ||    83
       Plate armour      |       |       |       |    21 ||    21
Dodge: Dodged            |     5 |     4 |    18 |    19 ||    46
Block: Kite shield       |    12 |     5 |    46 |    67 ||   130

Vanquished Creatures
  Rupert (D)
  Gastronok (D)
  Frances (D)
  Donald (D)
  2 dire elephants (D)
  Josephine (D)
  A centaur warrior (D)
  A deep elf knight (D)
  2 orc high priests (D)
  2 deep elf pyromancers (D)
  3 deep elf zephyrmancers (D)
  2 elephants (D)
  2 cane toads (D)
  A rime drake (D)
  A komodo dragon (D)
  2 unseen horrors (D)
  A queen bee (D)
  5 blink frogs (D)
  A shadow (D)
  A spatial vortex (D)
  A floating eye (D)
  2 orc warriors (D)
  A swamp drake (D)
  A necrophage (D)
  2 centaurs (D)
  An earth elemental (D)
  A water elemental (D)
  32 killer bees (D)
  3 wandering mushrooms (D)
  A jelly (D)
  7 orc priests (D)
  Jessica (D)
  A wizard (D)
  A necromancer (D)
  2 orc wizards (D)
  A kobold demonologist (D)
  3 humans (D)
  A wolf (D)
  9 orcs (D)
  An endoplasm (D)
  2 rats (D)
106 creatures vanquished.

Vanquished Creatures (others)
  10 plants (D)
10 creatures vanquished.

Grand Total: 116 creatures vanquished
